Cogmind - Beta 11.1 @@@ ROGUE MODE // 2022.05.02 @ 03:49:04 Player: Olga Result: Destroyed by S-43 Plague with Heavy Machine Gun Performance ------------- Evolutions (7) 3500 Regions Visited (15) 3000 Robots Destroyed (11) 55 Value Destroyed (194) 194 Prototype IDs (3) 60 Alien Tech Used (3) 600 Bonus (6332) 6332 TOTAL SCORE: 13741 Bonus ------- Pacifist 200 Follower Combat Kills 132 Entered DSFs 1000 Used Core Reset Matrix 3000 Met Sigix 2000 Cogmind --------- Core Integrity 0/1300 Matter 52/300 Energy 99/100 System Corruption 14% Temperature Cool (0) Movement Core (50) Location -3/Quarantine Parts ------- > --- POWER (1) -------- (None) > --- PROPULSION (6) --- (None) > --- UTILITY (12) ----- Enhanced Optical Array Improved Signal Interpreter Terrain Scan Processor Melee Analysis Suite Core Analyzer Improved Propulsion Shielding > --- WEAPON (2) ------- (None) > --- INVENTORY (5) ---- Quantum Reactor Advanced Power Amplifier Sigix Containment Pod Peak State ------------ > --- POWER ------------ Antimatter Reactor > --- PROPULSION ------- Nuclear Pulse Array Nuclear Pulse Array Impulse Thruster Impulse Thruster > --- UTILITY ---------- Medium Matter Pod Structural Scanner Enhanced Optical Array Experimental Sensor Array Improved Signal Interpreter Terrain Scan Processor Melee Analysis Suite Advanced Melee Analysis Suite Hardened Light Armor Plating Advanced System Shield > --- WEAPON ----------- Sigix Broadsword > --- INVENTORY -------- (None) [Rating: 110] Favorites ----------- Power Antimatter Reactor Reactor Antimatter Reactor Propulsion Flight Unit Treads Advanced Medium Treads Flight Unit Flight Unit Utility Improved Signal Interpreter Device Experimental Sensor Array Storage Medium Matter Pod Processor Improved Signal Interpreter Hackware Advanced System Shield Protection Improved Light Armor Plating Weapon Makeshift Sword Energy Gun Small Laser Ballistic Cannon Light Antimatter Cannon Launcher Grenade Launcher Slashing Weapon Makeshift Sword Build | -11 -10 -10 -9 -9 -8 -7 -7 -6 -5 -5 -5 -5 -4 -3 -3 ------- Run | Scr Mat Min Mat Min Mat Fac DSF Fac Fac Was Fac DSF Fac Res Qua Slots Evolved 14 | . . . 2 . 2 2 . 2 2 . . . 2 2 . Power . | . . . . . . . . . . . . . . . . Propulsion 4 | . . . . . 2 . . . . . . . . 2 . Utility 10 | . . . 2 . . 2 . 2 2 . . . 2 . . Weapon . | . . . . . . . . . . . . . . . . Parts Attached 44 | 1 . . . 4 3 . . 5 3 . . 3 9 2 14 Power 3 | . . . . . . . . 1 . . . . . . 2 Engine . | . . . . . . . . . . . . . . . . Core . | . . . . . . . . . . . . . . . . Reactor 3 | . . . . . . . . 1 . . . . . . 2 Propulsion 10 | . . . . 2 . . . 1 . . . 1 2 . 4 Treads 2 | . . . . . . . . . . . . . . . 2 Leg . | . . . . . . . . . . . . . . . . Wheel . | . . . . . . . . . . . . . . . . Hover . | . . . . . . . . . . . . . . . . Flight 8 | . . . . 2 . . . 1 . . . 1 2 . 2 Utility 22 | . . . . 1 3 . . 2 3 . . 2 3 2 6 Device 7 | . . . . 1 . . . 1 1 . . . 2 . 2 Storage 1 | . . . . . . . . . . . . . . . 1 Processor 6 | . . . . . 2 . . . 1 . . 1 1 . 1 Hackware 1 | . . . . . . . . . . . . . . 1 . Protection 7 | . . . . . 1 . . 1 1 . . 1 . 1 2 Artifact . | . . . . . . . . . . . . . . . . Weapon 9 | 1 . . . 1 . . . 1 . . . . 4 . 2 Energy Gun 1 | 1 . . . . . . . . . . . . . . . Energy Cannon . | . . . . . . . . . . . . . . . . Ballistic Gun . | . . . . . . . . . . . . . . . . Ballistic Cannon 3 | . . . . . . . . . . . . . 3 . . Launcher 2 | . . . . . . . . 1 . . . . . . 1 Special Weapon . | . . . . . . . . . . . . . . . . Impact Weapon . | . . . . . . . . . . . . . . . . Slashing Weapon 3 | . . . . 1 . . . . . . . . 1 . 1 Piercing Weapon . | . . . . . . . . . . . . . . . . Special Melee Weapon . | . . . . . . . . . . . . . . . . Unidentified Prototypes 5 | . . . . . . . . 2 . . . . 1 . 2 Parts Lost 22 | . . 1 . . . . 1 5 . . . 1 1 . 13 Power 1 | . . . . . . . . . . . . . . . 1 Propulsion 8 | . . . . . . . . 3 . . . . 1 . 4 Utility 10 | . . . . . . . 1 1 . . . 1 . . 7 Weapon 3 | . . 1 . . . . . 1 . . . . . . 1 Highest Loss Streak 9 | . . 1 . . . . 1 3 . . . 1 1 . 9 To Critical Strikes . | . . . . . . . . . . . . . . . . Average Slot Usage (%) 39 | . 14 14 . 28 47 53 49 37 20 23 23 24 46 52 48 Flight 7 | . . . . 8 18 15 15 8 . . . 1 6 9 6 Device 5 | . . . . 8 9 7 3 3 4 5 5 1 7 9 4 Processor 16 | . . . . . 4 15 15 13 14 17 17 18 25 23 24 Hackware 1 | . . . . . . . . . . . . . . 3 4 Protection 2 | . . . . . 6 7 7 5 . . . 2 . 1 4 Slashing Weapon 3 | . . . . 10 9 7 7 4 . . . . 4 4 . Naked Turns 33 | . . 2 19 12 . . . . . . . . . . . Heaviest Build 35 | 1 1 1 . 3 6 6 6 8 1 1 1 3 4 9 35 Greatest Support 40 | 3 3 3 3 8 8 8 8 8 3 3 3 4 26 13 40 Greatest Overweight (x) 2 | . . . . . . . . 2 . . . . . . . Average Overweight (x) . | . . . . . . . . . . . . . . . . Largest Inventory Capacity 5 | 5 5 5 5 5 5 5 5 5 5 5 5 5 5 5 5 Average Capacity 5 | 5 5 5 5 5 5 5 5 5 5 5 5 5 5 5 5 Most Carried 5 | 4 . . . 3 3 3 3 5 4 3 3 3 5 5 5 Average Carried 3 | 2 . . . 2 3 3 3 3 3 3 3 2 2 4 3 Final Capacity 5 | 5 5 5 5 5 5 5 5 5 5 5 5 5 5 5 5 Final Carried 5 | . . . . 3 3 3 3 4 3 3 3 3 5 5 4 Class Distribution -------------------- 61% | Mutant 35% | Scout Dominant Class ---------------- Mutant | -10/Mines Mutant | -9/Materials Mutant | -9/Mines Mutant | -8/Materials Mutant | -7/Factory Mutant | -7/DSF Mutant | -6/Factory Scout | -5/Factory Scout | -5/Waste Scout | -5/Factory Scout | -5/DSF Scout | -4/Factory Scout | -3/Research Mutant | -3/Quarantine Resources | -11 -10 -10 -9 -9 -8 -7 -7 -6 -5 -5 -5 -5 -4 -3 -3 ----------- Run | Scr Mat Min Mat Min Mat Fac DSF Fac Fac Was Fac DSF Fac Res Qua Matter Collected 460 | 200 . 10 . 40 . . . . . . . 11 59 . 140 Remotely . | . . . . . . . . . . . . . . . . Salvage Created 304 | . . . . 107 . . . . . . . . 59 . 138 Parts 32 | . . . . 13 . . . . . . . . 10 . 9 Haulers Intercepted . | . . . . . . . . . . . . . . . . Recyclers Shooed . | . . . . . . . . . . . . . . . . Parts Field Recycled . | . . . . . . . . . . . . . . . . Retrieved Matter . | . . . . . . . . . . . . . . . . Parts Self-Destructed . | . . . . . . . . . . . . . . . . Prevented . | . . . . . . . . . . . . . . . . Kills | -11 -10 -10 -9 -9 -8 -7 -7 -6 -5 -5 -5 -5 -4 -3 -3 ------- Run | Scr Mat Min Mat Min Mat Fac DSF Fac Fac Was Fac DSF Fac Res Qua Combat Hostiles Destroyed 4 | . . . . 3 . . . . . . . . . . 1 Melee 4 | . . . . 3 . . . . . . . . . . 1 Classes Destroyed 6 | . . . . 3 . . . . . . . . 1 . 2 Worker 2 | . . . . . . . . . . . . . . . 2 Builder 2 | . . . . . . . . . . . . . 2 . . Tunneler 3 | . . . . 2 . . . . . . . . 1 . . Swarmer 2 | . . . . 2 . . . . . . . . . . . Grunt 1 | . . . . 1 . . . . . . . . . . . Specialist 1 | . . . . . . . . . . . . . . . 1 Best Kill Streak 3 | . . . . 3 . . . . . . . . 2 . 2 Combat Bots Only 3 | . . . . 3 . . . . . . . . . . 1 Max Kills in Single Turn 1 | . . . . 1 . . . . . . . . 1 . 1 Gunslinging . | . . . . . . . . . . . . . . . . Exploded . | . . . . . . . . . . . . . . . . Melee 1 | . . . . 1 . . . . . . . . . . 1 Uniques/NPCs Destroyed . | . . . . . . . . . . . . . . . . Combat | -11 -10 -10 -9 -9 -8 -7 -7 -6 -5 -5 -5 -5 -4 -3 -3 -------- Run | Scr Mat Min Mat Min Mat Fac DSF Fac Fac Was Fac DSF Fac Res Qua Damage Taken 3990 | . . 238 8 83 79 . 85 617 . . . 330 108 150 2292 Core 2165 | . . 155 8 72 50 . 40 209 . . . 258 85 65 1223 Absorbed by Shields 12 | . . . . . . . . . . . . . . 12 . Redirected to Shielding 26 | . . . . . . . . . . . . . . . 26 Regen/Repaired (Parts) 30 | . . . . . . . . . . . . . . . 30 Core Remaining (%) 80 | 100 . 38 . 80 90 . 94 75 . . . 74 92 . . Volleys Fired 22 | . . . . . . . . 3 . . . . 19 . . Largest 1 | . . . . . . . . 1 . . . . 1 . . Hottest 60 | . . . . . . . . 30 . . . . 60 . . Shots Fired 22 | . . . . . . . . 3 . . . . 19 . . Gun . | . . . . . . . . . . . . . . . . Cannon 19 | . . . . . . . . . . . . . 19 . . Launcher 3 | . . . . . . . . 3 . . . . . . . Special . | . . . . . . . . . . . . . . . . Kinetic 19 | . . . . . . . . . . . . . 19 . . Thermal . | . . . . . . . . . . . . . . . . Explosive 3 | . . . . . . . . 3 . . . . . . . Electromagnetic . | . . . . . . . . . . . . . . . . Robot Hit Streak . | . . . . . . . . . . . . . . . . Robot Miss Streak . | . . . . . . . . . . . . . . . . Penetration Max . | . . . . . . . . . . . . . . . . Secondary Targets . | . . . . . . . . . . . . . . . . Shots Hit Robots 14 | . . . . 6 . . . . . . . . 4 . 4 Core Hits 9 | . . . . 5 . . . 1 . . . . 1 . 2 Critical Kills . | . . . . . . . . . . . . . . . . Critical Parts Destroyed . | . . . . . . . . . . . . . . . . Critical Strikes . | . . . . . . . . . . . . . . . . Melee Attacks 21 | . . . . 9 . . . . . . . . 6 . 6 Impact . | . . . . . . . . . . . . . . . . Slashing 21 | . . . . 9 . . . . . . . . 6 . 6 Piercing . | . . . . . . . . . . . . . . . . Sneak Attacks 8 | . . . . 3 . . . . . . . . 3 . 2 Combat Hostiles . | . . . . . . . . . . . . . . . . Follow-up Attacks . | . . . . . . . . . . . . . . . . Damage Inflicted 1203 | . . . . 338 . . . 47 . . . . 306 . 512 Guns . | . . . . . . . . . . . . . . . . Cannons . | . . . . . . . . . . . . . . . . Explosions 47 | . . . . . . . . 47 . . . . . . . Melee 1152 | . . . . 338 . . . . . . . . 305 . 509 Ramming 4 | . . . . . . . . . . . . . 1 . 3 Kinetic . | . . . . . . . . . . . . . . . . Thermal . | . . . . . . . . . . . . . . . . Explosive 47 | . . . . . . . . 47 . . . . . . . Electromagnetic . | . . . . . . . . . . . . . . . . Impact . | . . . . . . . . . . . . . . . . Slashing 1152 | . . . . 338 . . . . . . . . 305 . 509 Piercing . | . . . . . . . . . . . . . . . . Highest Corruption 14 | . . . . . 3 . . . . . . . . . 14 Average Corruption 4 | . . . . . 2 . . . . . . . . . 5 Corruption Purged . | . . . . . . . . . . . . . . . . Corruption Blocked . | . . . . . . . . . . . . . . . . Effects 8 | . . . . . . . . . . . . . . . 8 Message Errors 4 | . . . . . . . . . . . . . . . 4 Matter Fused 1 | . . . . . . . . . . . . . . . 1 Heat Flow Errors 3 | . . . . . . . . . . . . . . . 3 Overload Shots . | . . . . . . . . . . . . . . . . Overflow Damage 297 | . . . . 34 . . . . . . . . 145 . 118 Projectiles . | . . . . . . . . . . . . . . . . Explosions . | . . . . . . . . . . . . . . . . Melee 297 | . . . . 34 . . . . . . . . 145 . 118 Knockbacks . | . . . . . . . . . . . . . . . . Impact . | . . . . . . . . . . . . . . . . Kinetic . | . . . . . . . . . . . . . . . . Secondary . | . . . . . . . . . . . . . . . . Self-Inflicted Damage 3 | . . . . . . . . 2 . . . . . . 1 Shots 1 | . . . . . . . . 1 . . . . . . . Rammed 4 | . . . . . . . . . . . . . 1 . 3 Targets Rammed 4 | . . . . . . . . . . . . . 1 . 3 Kicked . | . . . . . . . . . . . . . . . . Crushed . | . . . . . . . . . . . . . . . . Highest Temperature 127 | . . . . . . . . . . . . . . . 127 Average Temperature 77 | . . . . . . . . . . . . . . . 77 Received Heat Transfer 222 | . . 15 . 18 18 . . 63 . . . . 9 9 90 Siege Activations . | . . . . . . . . . . . . . . . . Robots Corrupted . | . . . . . . . . . . . . . . . . Combat Hostiles . | . . . . . . . . . . . . . . . . Parts Fried . | . . . . . . . . . . . . . . . . Impact Corruptions . | . . . . . . . . . . . . . . . . Robots Melted . | . . . . . . . . . . . . . . . . Combat Hostiles . | . . . . . . . . . . . . . . . . Parts Melted . | . . . . . . . . . . . . . . . . Heat Transferred . | . . . . . . . . . . . . . . . . Parts Sabotaged . | . . . . . . . . . . . . . . . . Parts Stolen . | . . . . . . . . . . . . . . . . Parts Stripped . | . . . . . . . . . . . . . . . . Power Chain Reactions . | . . . . . . . . . . . . . . . . Missiles Intercepted . | . . . . . . . . . . . . . . . . Alert | -11 -10 -10 -9 -9 -8 -7 -7 -6 -5 -5 -5 -5 -4 -3 -3 ------- Run | Scr Mat Min Mat Min Mat Fac DSF Fac Fac Was Fac DSF Fac Res Qua Peak Influence 268 | . . 15 1 128 84 51 35 79 53 18 12 143 206 168 268 Initial 108 | . . . 1 . 49 37 35 12 38 18 12 11 74 108 94 Average 82 | . . 1 1 52 65 39 32 22 42 18 12 30 121 126 157 Maximum Alert Level 1 | . . . . . . . . . . . . . 1 . 1 Low Security (%) 92 | 100 100 100 100 100 100 100 100 100 100 100 100 100 98 100 66 Level 1 7 | . . . . . . . . . . . . . 1 . 33 Level 2 . | . . . . . . . . . . . . . . . . Level 3 . | . . . . . . . . . . . . . . . . Level 4 . | . . . . . . . . . . . . . . . . Level 5 . | . . . . . . . . . . . . . . . . High Security . | . . . . . . . . . . . . . . . . Max Security . | . . . . . . . . . . . . . . . . Squads Dispatched 8 | . . . . . . . . . 1 . . 1 . 1 5 Investigation 4 | . . . . . . . . . . . . . . . 4 Extermination . | . . . . . . . . . . . . . . . . Reinforcement 4 | . . . . . . . . . 1 . . 1 . 1 1 Assault . | . . . . . . . . . . . . . . . . Garrison . | . . . . . . . . . . . . . . . . Intercept . | . . . . . . . . . . . . . . . . Searches Triggered . | . . . . . . . . . . . . . . . . Construction Impeded . | . . . . . . . . . . . . . . . . Haulers Reinforced . | . . . . . . . . . . . . . . . . Active Scanning Responses . | . . . . . . . . . . . . . . . . Cargo Convoy Interrupts . | . . . . . . . . . . . . . . . . Stealth | -11 -10 -10 -9 -9 -8 -7 -7 -6 -5 -5 -5 -5 -4 -3 -3 --------- Run | Scr Mat Min Mat Min Mat Fac DSF Fac Fac Was Fac DSF Fac Res Qua Distress Signals 3 | . . . . . . . . . . . . . 1 . 2 Communications Jammed . | . . . . . . . . . . . . . . . . Distress Signals . | . . . . . . . . . . . . . . . . Times Spotted 119 | . . 18 4 10 4 . 2 12 3 . . 5 10 7 44 Peak Tracking Total 24 | . . 24 4 7 4 . 2 8 3 . . 4 8 8 18 Tactical Retreats 12 | . . . . 2 . . . 2 . . . . 2 . 6 Traps | -11 -10 -10 -9 -9 -8 -7 -7 -6 -5 -5 -5 -5 -4 -3 -3 ------- Run | Scr Mat Min Mat Min Mat Fac DSF Fac Fac Was Fac DSF Fac Res Qua Traps Triggered 7 | . . . . . 2 . . . 1 . . 1 . 1 2 Indirectly . | . . . . . . . . . . . . . . . . Trap Hack Attempts . | . . . . . . . . . . . . . . . . Triggered . | . . . . . . . . . . . . . . . . Disarmed . | . . . . . . . . . . . . . . . . Reprogrammed . | . . . . . . . . . . . . . . . . Reused . | . . . . . . . . . . . . . . . . Traps Extracted . | . . . . . . . . . . . . . . . . Installed . | . . . . . . . . . . . . . . . . Triggered . | . . . . . . . . . . . . . . . . Machines | -11 -10 -10 -9 -9 -8 -7 -7 -6 -5 -5 -5 -5 -4 -3 -3 ---------- Run | Scr Mat Min Mat Min Mat Fac DSF Fac Fac Was Fac DSF Fac Res Qua Machines Disabled 2 | . . . . . . . . . . . . . 1 . 1 Max in Single Turn 1 | . . . . . . . . . . . . . 1 . 1 Garrison Access 2 | . . . . . 1 . . . . . . . . 1 . Machines Sabotaged . | . . . . . . . . . . . . . . . . Garrisons Compromised . | . . . . . . . . . . . . . . . . Overloaded Fab Kills . | . . . . . . . . . . . . . . . . Hacking | -11 -10 -10 -9 -9 -8 -7 -7 -6 -5 -5 -5 -5 -4 -3 -3 --------- Run | Scr Mat Min Mat Min Mat Fac DSF Fac Fac Was Fac DSF Fac Res Qua Machines Accessed 17 | . . . . 1 2 3 . 1 . . 1 . 2 1 6 Terminals 15 | . . . . 1 1 3 . 1 . . 1 . 2 . 6 Fabricators . | . . . . . . . . . . . . . . . . Repair Stations . | . . . . . . . . . . . . . . . . Recycling Units . | . . . . . . . . . . . . . . . . Scanalyzers . | . . . . . . . . . . . . . . . . Garrison Access 2 | . . . . . 1 . . . . . . . . 1 . Total Hacks 40 | . . . . 2 4 6 . 2 . . 1 . 4 2 19 Successful 19 | . . . . . 2 3 . . . . 1 . 4 1 8 Failed 21 | . . . . 2 2 3 . 2 . . . . . 1 11 Catastrophic 9 | . . . . 2 . 1 . . . . . . . . 6 Database Lockouts . | . . . . . . . . . . . . . . . . Manual 16 | . . . . 2 . 1 . . . . . . 3 . 10 Terminals 35 | . . . . 2 1 6 . 2 . . 1 . 4 . 19 Fabricators . | . . . . . . . . . . . . . . . . Repair Stations . | . . . . . . . . . . . . . . . . Recycling Units . | . . . . . . . . . . . . . . . . Scanalyzers . | . . . . . . . . . . . . . . . . Garrison Access 5 | . . . . . 3 . . . . . . . . 2 . Terminal Hacks 13 | . . . . . 1 3 . . . . 1 . 3 . 5 Record 1 | . . . . . . . . . . . . . . . 1 Open Door 1 | . . . . . . . . . . . . . . . 1 Open DSF 3 | . . . . . . 1 . . . . 1 . 1 . . Level Access Points 2 | . . . . . . . . . . . . . 1 . 1 Terminal Index 2 | . . . . . . 1 . . . . . . 1 . . Zone Layout 4 | . . . . . 1 1 . . . . . . . . 2 Fabricator Hacks . | . . . . . . . . . . . . . . . . Repair Station Hacks . | . . . . . . . . . . . . . . . . Recycling Unit Hacks . | . . . . . . . . . . . . . . . . Scanalyzer . | . . . . . . . . . . . . . . . . Garrison Access Hacks 2 | . . . . . 1 . . . . . . . . 1 . Seal Access 2 | . . . . . 1 . . . . . . . . 1 . Unauthorized Hacks 4 | . . . . . . . . . . . . . 1 . 3 Terminals 4 | . . . . . . . . . . . . . 1 . 3 Track 1 | . . . . . . . . . . . . . . . 1 Botnet 2 | . . . . . . . . . . . . . 1 . 1 Operators 1 | . . . . . . . . . . . . . . . 1 Fabricators . | . . . . . . . . . . . . . . . . Repair Stations . | . . . . . . . . . . . . . . . . Recycling Units . | . . . . . . . . . . . . . . . . Scanalyzers . | . . . . . . . . . . . . . . . . Garrison Access . | . . . . . . . . . . . . . . . . Data Cores Recovered . | . . . . . . . . . . . . . . . . Used . | . . . . . . . . . . . . . . . . Hacking Detections 11 | . . . . 1 1 2 . 1 . . . . 1 1 4 Full Trace Events 3 | . . . . . . . . . . . . . . . 3 Feedback Events . | . . . . . . . . . . . . . . . . Feedback Blocked . | . . . . . . . . . . . . . . . . Robot Schematics Acquired . | . . . . . . . . . . . . . . . . Robots Built . | . . . . . . . . . . . . . . . . Authchips . | . . . . . . . . . . . . . . . . Time . | . . . . . . . . . . . . . . . . Total Robot Build Rating . | . . . . . . . . . . . . . . . . Part Schematics Acquired . | . . . . . . . . . . . . . . . . Parts Built . | . . . . . . . . . . . . . . . . Authchips . | . . . . . . . . . . . . . . . . Time . | . . . . . . . . . . . . . . . . Total Part Build Rating . | . . . . . . . . . . . . . . . . Parts Repaired . | . . . . . . . . . . . . . . . . Time . | . . . . . . . . . . . . . . . . Parts Recycled . | . . . . . . . . . . . . . . . . Recycled Matter . | . . . . . . . . . . . . . . . . Retrieved Matter . | . . . . . . . . . . . . . . . . Retrieved Components . | . . . . . . . . . . . . . . . . Parts Scanalyzed . | . . . . . . . . . . . . . . . . Part Schematics Acquired . | . . . . . . . . . . . . . . . . Parts Damaged . | . . . . . . . . . . . . . . . . Bothacking | -11 -10 -10 -9 -9 -8 -7 -7 -6 -5 -5 -5 -5 -4 -3 -3 ------------ Run | Scr Mat Min Mat Min Mat Fac DSF Fac Fac Was Fac DSF Fac Res Qua Used RIF Installer . | . . . . . . . . . . . . . . . . Robots Hacked . | . . . . . . . . . . . . . . . . Non-combat . | . . . . . . . . . . . . . . . . Combat . | . . . . . . . . . . . . . . . . Robot Hacks Applied . | . . . . . . . . . . . . . . . . Relay Couplers Released . | . . . . . . . . . . . . . . . . Fabnet Peak Effective % . | . . . . . . . . . . . . . . . . Robots Rewired . | . . . . . . . . . . . . . . . . Allies Hacked . | . . . . . . . . . . . . . . . . Hacks Repelled . | . . . . . . . . . . . . . . . . Allies | -11 -10 -10 -9 -9 -8 -7 -7 -6 -5 -5 -5 -5 -4 -3 -3 -------- Run | Scr Mat Min Mat Min Mat Fac DSF Fac Fac Was Fac DSF Fac Res Qua Total Allies 20 | . . . . . . . . . . 20 . . . . . Largest Group 20 | . . . . . . . . . . 20 7 7 . . . Highest-Rated Group 720 | . . . . . . . . . . 720 225 225 . . . Highest-Rated Ally 50 | . . . . . . . . . . 50 50 50 . . . Total Orders . | . . . . . . . . . . . . . . . . Ally Attacks 14 | . . . . . . . . . . . . 14 . . . Total Damage 846 | . . . . . . . . . . . . 846 . . . Kills 5 | . . . . . . . . . . . . 5 . . . Allies Corrupted . | . . . . . . . . . . . . . . . . Allies Melted . | . . . . . . . . . . . . . . . . Intel | -11 -10 -10 -9 -9 -8 -7 -7 -6 -5 -5 -5 -5 -4 -3 -3 ------- Run | Scr Mat Min Mat Min Mat Fac DSF Fac Fac Was Fac DSF Fac Res Qua Robot Analysis Total . | . . . . . . . . . . . . . . . . Derelict Logs Recovered 1 | . . . . 1 . . . . . . . . . . . Drone Launches . | . . . . . . . . . . . . . . . . Drone Recoveries . | . . . . . . . . . . . . . . . . Exploration | -11 -10 -10 -9 -9 -8 -7 -7 -6 -5 -5 -5 -5 -4 -3 -3 ------------- Run | Scr Mat Min Mat Min Mat Fac DSF Fac Fac Was Fac DSF Fac Res Qua Turns Passed 1307 | 4 13 25 19 162 85 32 19 189 71 37 20 38 217 87 289 Spaces Moved 2548 | 1 26 50 37 308 216 86 50 414 116 71 39 42 394 189 509 Core 734 | 1 26 50 37 153 . . . 96 116 71 39 27 2 . 116 Treads 2 | . . . . . . . . . . . . . . . 2 Legs . | . . . . . . . . . . . . . . . . Wheels . | . . . . . . . . . . . . . . . . Hover . | . . . . . . . . . . . . . . . . Flight 1812 | . . . . 155 216 86 50 318 . . . 15 392 189 391 Fastest Speed 30 | 50 50 50 50 37 37 37 37 34 50 50 50 30 30 40 31 Average Speed 41 | 50 50 50 50 43 37 37 37 40 50 50 50 42 35 40 41 Slowest Speed 150 | 50 50 50 50 50 37 37 37 150 50 50 50 50 50 40 145 Overloaded Moves . | . . . . . . . . . . . . . . . . Propulsion Burnouts . | . . . . . . . . . . . . . . . . Robots Hopped 20 | . . . . 2 2 . 1 4 . . . . . 1 10 Cave-ins Triggered . | . . . . . . . . . . . . . . . . Teleports 1 | . . . . . . . . . . . . . . . 1 Exploration Rate (%) 29 | 2 13 31 7 85 23 4 79 14 6 76 2 53 14 11 52 Regions Visited 15 Branch Regions 3 Pre-discovered Areas . | . . . . . . . . . . . . . . . . Known Exits Taken 6 | . . . . . 1 1 . 1 . . 1 . 1 1 . Unknown Exits Taken 5 | 1 1 1 1 1 . . . . . . . . . . . Scrap Searched 2 | . . 1 . 1 . . . . . . . . . . . Spaces Dug 10 | . . . . 1 . . . . . . . . 9 . . Terrain Destroyed 31 | . . . . 1 . . . 11 . . . . 19 . . Melee 2 | . . . . 1 . . . . . . . . 1 . . Projectile 18 | . . . . . . . . . . . . . 18 . . AOE 11 | . . . . . . . . 11 . . . . . . . Terrain Rammed . | . . . . . . . . . . . . . . . . Walls Destroyed . | . . . . . . . . . . . . . . . . Machines Disabled . | . . . . . . . . . . . . . . . . Actions | -11 -10 -10 -9 -9 -8 -7 -7 -6 -5 -5 -5 -5 -4 -3 -3 --------- Run | Scr Mat Min Mat Min Mat Fac DSF Fac Fac Was Fac DSF Fac Res Qua Total 2718 | 5 25 49 36 322 216 86 48 428 129 71 38 60 444 198 563 Wait 51 | . . . . 1 . . . 5 9 1 . . 9 . 26 Move 2500 | . 25 49 36 304 211 86 47 405 116 70 38 41 394 186 492 Hop 16 | . . . . 1 2 . 1 4 . . . . . 1 7 Pick Up 13 | . . . . 3 . . . 1 . . . . 4 1 4 Fast Attach 27 | . . . . 4 3 . . 2 1 . . 2 4 1 10 Attach 19 | 1 . . . . . . . 3 2 . . 1 5 1 6 Detach 11 | . . . . . . . . 4 1 . . 1 3 . 2 Swap . | . . . . . . . . . . . . . . . . Drop 12 | 4 . . . . . . . 1 . . . . . . 7 Fire 22 | . . . . . . . . 3 . . . . 19 . . Melee 21 | . . . . 9 . . . . . . . . 6 . 6 Ram 3 | . . . . . . . . . . . . . . . 3 Kick . | . . . . . . . . . . . . . . . . Crush . | . . . . . . . . . . . . . . . . Escape Stasis 23 | . . . . . . . . . . . . 15 . 8 . Rewire . | . . . . . . . . . . . . . . . . Trap . | . . . . . . . . . . . . . . . . Miscellaneous . | . . . . . . . . . . . . . . . . Route ------- -11/Scrapyard -10/Materials -10/Mines -9/Materials -9/Mines -8/Materials -7/Factory -7/DSF -6/Factory -5/Factory -5/Waste -5/Factory -5/DSF -4/Factory (discovered 4 exits: *Res x4) -3/Research -3/Quarantine (discovered 1 exit: Res) History --------- Turn | Location | Event 1 | -11/Scrapyard | Released all parts (6) 5 | -11/Scrapyard | Discovered new exit (range 0) 5 | -11/Scrapyard | Entered Materials 13 | -10/Materials | Discovered new exit (range 11) 18 | -10/Materials | Entered Mines 32 | -10/Mines | Assembled infested the area 39 | -10/Mines | Discovered new exit (range 10) 43 | -10/Mines | Core integrity fell below 50% 43 | -10/Mines | Entered Materials 43 | -9/Materials | Evolved 2 slots: Utility x2 54 | -9/Materials | Discovered new exit (range 16) 62 | -9/Materials | Entered Mines 73 | -9/Mines | A weapon hastily lodged in a ceiling crevice suddenly fell to the ground 79 | -9/Mines | YI-UF0 nonchalantly dropped a Grenade Launcher on the ground 94 | -9/Mines | Learned Materials emergency access door positions 109 | -9/Mines | Found a damaged Exp. Sensor Array with a note attached 110 | -9/Mines | Found Prototype Device 221 | -9/Mines | Discovered new exit (range 10) 224 | -9/Mines | Entered Materials 224 | -8/Materials | Evolved 2 slots: Propulsion x2 306 | -8/Materials | Build established: Mutant 307 | -8/Materials | Discovered new exit (range 7) 308 | -8/Materials | Identified exit to Factory 309 | -8/Materials | Entered Factory 309 | -7/Factory | Evolved 2 slots: Utility x2 341 | -7/Factory | Identified exit to DSF 341 | -7/Factory | Entered DSF 354 | -7/DSF | Discovered new exit (range 15) 359 | -7/DSF | Additional patrols routed to DSF 359 | -7/DSF | Identified exit to Factory 360 | -7/DSF | Entered Factory 360 | -6/Factory | Evolved 2 slots: Utility x2 360 | -6/Factory | Identified Exp. Sensor Array 520 | -6/Factory | Lost 3 parts (3n) 542 | -6/Factory | Discovered new exit (range 15) 549 | -6/Factory | Identified exit to Factory 549 | -6/Factory | Entered another Factory area 549 | -5/Factory | Evolved 2 slots: Utility x2 620 | -5/Factory | Sucked down chute 620 | -5/Factory | Entered Waste 621 | -5/Waste | Joined by Warlord forces that had cleared the area 649 | -5/Waste | Discovered new exit (range 12) 654 | -5/Waste | Identified exit to Factory 657 | -5/Waste | Entered Factory 657 | -5/Factory | Accompanied by 7 allies 677 | -5/Factory | Identified exit to DSF 677 | -5/Factory | Entered DSF 677 | -5/DSF | Accompanied by 7 allies 698 | -5/DSF | Discovered new exit (range 21) 714 | -5/DSF | Identified exit to Factory 715 | -5/DSF | Entered Factory 715 | -4/Factory | Evolved 2 slots: Utility x2 735 | -4/Factory | Identified exit to Research 889 | -4/Factory | Spotted B-86 Titan 932 | -4/Factory | Entered Research 932 | -3/Research | Evolved 2 slots: Propulsion x2 1005 | -3/Research | Spotted B-86 Titan 1010 | -3/Research | Discovered new exit (range 17) 1019 | -3/Research | Identified exit to Quarantine 1019 | -3/Research | Entered Quarantine 1025 | -3/Quarantine | Found Alien Slashing Weapon 1074 | -3/Quarantine | Identified Sigix Broadsword 1123 | -3/Quarantine | Found Alien Artifact 1123 | -3/Quarantine | Identified Core Reset Matrix 1123 | -3/Quarantine | Used Core Reset Matrix 1127 | -3/Quarantine | Detected hypermatrix surge 1127 | -3/Quarantine | Sensed 10 artifacts in vicinity 1132 | -3/Quarantine | Met incapacitated Sigix Warrior 1132 | -3/Quarantine | Lockdown squad dispatched 1133 | -3/Quarantine | Acquired the access code to the Sigix quarantine chamber 1134 | -3/Quarantine | Unlocked Sigix quarantine chamber 1189 | -3/Quarantine | Lost 9 parts (1p3n4u1w) 1231 | -3/Quarantine | Spotted Lightning 1231 | -3/Quarantine | Spotted Lightning 1232 | -3/Quarantine | Spotted Lightning 1238 | -3/Quarantine | Found Hpw. Transdimensional Reconstructor 1245 | -3/Quarantine | Core integrity fell below 50% 1247 | -3/Quarantine | Found Unknown Launcher 1247 | -3/Quarantine | Identified Gamma Bomb Array 1249 | -3/Quarantine | System corruption reached 10% 1250 | -3/Quarantine | Warped through subspace 1274 | -3/Quarantine | Identified exit to Research 1292 | -3/Quarantine | Core integrity fell below 20% 1300 | -3/Quarantine | Spotted Alpha 7 1308 | -3/Quarantine | Destroyed by S-43 Plague with Heavy Machine Gun Last Messages --------------- 01288_ Drone sends a signal. 01288_ Penetrated by EMDS Slug. 01289_ EMDS Slug penetrates Reaction Chamber. 01289_ Reaction Chamber disabled. 01290_ K-01 Serf collects debris. 01291_ Penetrated by EMDS Slug. 01291_ EMDS Slug penetrates Reaction Chamber. 01291_ Reaction Chamber disabled. 01292_ EMDS Slug penetrates Reaction Chamber. 01293_ K-01 Serf collects debris. 01296_ K-01 Serf cleans the Reaction Chamber. 01300_ Adv. System Shield destroyed. 01302_ Connecting with Door Terminal... 01302_ ALERT: Suspicious activity at Terminal Q009. Dispatching Investigation squad. 01302_ Adv. Melee Analysis Suite destroyed. 01303_ Slammed into S-43 Plague. 01306_ Slug penetrates Reaction Chamber. 01306_ C-55 Analyst calibrates the Reaction Chamber. 01307_ QTP3CPP